 Dungeon Crawl Stone Soup version 0.18-a0-1640-g8b6524e (webtiles) character file.

112 Demise101 the Chopper (level 4, -9/41 HPs)
             Began as a Minotaur Chaos Knight on Mar 27, 2016.
             Killed from afar by a steam dragon (19 damage)
             ... with a ball of steam
             ... on level 3 of the Dungeon.
             The game lasted 00:02:03 (1993 turns).

Demise101 the Chopper (Minotaur Chaos Knight)       Turns: 1993, Time: 00:02:04

Health: -9/41      AC:  5    Str: 16    XL:     4   Next: 63%
Magic:  3/3        EV: 11    Int:  9    God:    Xom [..*...]
Gold:   134        SH:  0    Dex: 11    Spells: 0 memorised, 3 levels left

rFire  . . .     SeeInvis .     a - +0 hand axe (chaos)
rCold  . . .     Gourm    .     b - +2 leather armour
rNeg   . . .     Faith    .     (no shield)
rPois  .         Spirit   .     (helmet restricted)
rElec  .         Dismiss  .     (no cloak)
rCorr  .         Reflect  .     (no gloves)
SustAt .         Harm     .     (no boots)
MR     .....                    (no amulet)
Stlth  +.........               (no ring)
                                (no ring)

@: lethally poisoned (-9 -> -15), not resistant to hostile enchantments, very
unstealthy
A: retaliatory headbutt, horns 2
a: Renounce Religion


You were on level 3 of the Dungeon.
You worshipped Xom.
You were a toy of Xom.
You were hungry.

You visited 1 branch of the dungeon, and saw 3 of its levels.

You collected 134 gold pieces.

Inventory:

Hand Weapons
 a - a +0 hand axe of chaos (weapon)
Armour
 b - a +2 leather armour (worn)
Scrolls
 e - a scroll of identify
Potions
 g - a potion of magic
 h - a potion of brilliance
Comestibles
 c - 2 bread rations
 d - 4 chunks of flesh
 f - 2 beef jerkies


   Skills:
 + Level 4.7 Fighting
 * Level 5.8 Axes
 - Level 2.4 Armour
 - Level 1.1 Dodging


You had 3 spell levels left.
You didn't know any spells.

Dungeon Overview and Level Annotations

Branches:
Dungeon (3/15)

Altars:


Innate Abilities, Weirdness & Mutations

You reflexively headbutt those who attack you in melee.
You have a pair of horns on your head.


Message History

You feel sick.
Your ufetubus closely misses the steam dragon.
Your ufetubus hits the steam dragon but does no damage.
Okay, then.
You aren't carrying any items that can be evoked.
Unknown command.
You closely miss the steam dragon.
The steam dragon is lightly wounded.
You feel sick. The steam dragon misses you.
The steam dragon claws you but does no damage.
Your ufetubus closely misses the steam dragon.
Your ufetubus barely misses the steam dragon.
You barely miss the steam dragon.
The steam dragon is lightly wounded.
Your ufetubus barely misses the steam dragon.
Your ufetubus hits the steam dragon. The steam dragon breathes steam at you.
The ball of steam hits you!
You die...
Xom guffaws!

***,* **..##,,* +,,,*
*#..,..#
***,**########.#*..# *
*,,,.........##..#
***,*******##......###
,,,,* #.........#
*,*** #..##...#.#
*,*#########5(##...#,*
*,##.#.#.#.#.###@.##,*
*,#...........5D..#*,*
*,##.#.#.#.#.###.....#
*,#...........##.###.#
..##.#.#.#.#.#..<.#*,#
>.#.................,*
,..#<#.#.#.#.#....#.,*
##.............#.##..*
,..#.#.#.#.#.###.#*,.#


You could see a steam dragon and a friendly ufetubus.

Vanquished Creatures
  5 adders (D:2)
  A worm (D:2)
  3 giant geckos
  An orc (D:2)
  3 giant cockroaches (D:2)
  9 goblins
  5 hobgoblins
  3 jackals (D:2)
  A ball python (D:1)
  8 bats
  7 giant newts
  7 kobolds
  8 rats
61 creatures vanquished.

Notes
Turn   | Place    | Note
--------------------------------------------------------------
     0 | D:1      | Demise101 the Minotaur Chaos Knight began the quest for the Orb.
     0 | D:1      | Reached XP level 1. HP: 19/19 MP: 0/0
    74 | D:1      | Reached skill level 4 in Axes
   164 | D:1      | Reached XP level 2. HP: 24/27 MP: 1/1
   704 | D:2      | Reached XP level 3. HP: 33/33 MP: 2/2
   760 | D:2      | Reached skill level 5 in Axes
   772 | D:2      | XOM: divination: detect items
   994 | D:2      | XOM: mild Summ miscast
  1405 | D:2      | Reached XP level 4. HP: 41/41 MP: 3/3
  1521 | D:2      | XOM: silly message
  1982 | D:3      | Noticed a steam dragon
  1982 | D:3      | a scorpion changed into a steam dragon
  1982 | D:3      | XOM: polymorph scorpion -> steam dragon
  1983 | D:3      | XOM: summons friendly ufetubus
  1993 | D:3      | Killed from afar by a steam dragon

Vault maps used:
D:1:      tarquinn_simple_flora_water_d, kennysheep_pointless_box
D:2:      grunt_decor_cap
D:3:      lemuel_doored_altar, st_stairs_10, kennysheep_generic_room_14

Skill      XL: |  1  2  3 |
---------------+----------+-----
Axes           | 4 5 |  5.8
Fighting       | 4 |  4.7
Armour         | |  2.4
Dodging        | |  1.1

Action                   |  1- 3 |  4- 6 || total
-------------------------+-------+-------++-------
Melee: Hand axe          |    84 |    57 ||   141
  Use: Scroll            |       |     4 ||     4
  Eat: Chunk             |     2 |     1 ||     3
